 Dungeon Crawl Stone Soup version 0.30-a0-779-g7971cf19c3 (webtiles) character file.

Game seed: 14068461568035461834

35 elagabalus the Stinger (level 3, 17/19 HPs)
             Began as a Tengu Venom Mage on Feb 17, 2023.
             Quit the game on level 2 of the Dungeon.
             The game lasted 00:14:35 (1602 turns).

elagabalus the Stinger (Tengu Venom Mage)           Turns: 1602, Time: 00:14:35

Health: 17/19      AC:  2    Str:  8    XL:     3   Next: 35%
Magic:  3/7        EV: 12    Int: 17    God:
Gold:   86         SH:  0    Dex: 14    Spells: 1/6 levels left

rFire   . . .      SeeInvis .    g - +0 mace (heavy)
rCold   . . .      Faith    .    (no shield)
rNeg    . . .      Spirit   .    a - +0 robe
rPois   .          Reflect  .    (helmet restricted)
rElec   .          Harm     .    (no cloak)
rCorr   .          Rampage  .    (no gloves)
Will    .....                    (boots unavailable)
Stlth   ++                       (no amulet)
HPRegen 0.23/turn                (no ring)
MPRegen 0.10/turn                (no ring)

@: no status effects
A: beak, talons 3
a: no special abilities


You were on level 2 of the Dungeon.
You visited 1 branch of the dungeon, and saw 2 of its levels.

You collected 86 gold pieces.

Inventory:

Hand Weapons
 g - a +0 heavy mace (weapon)
Armour
 a - a +0 robe (worn)
Scrolls
 c - a scroll of enchant armour {unknown}
 h - a scroll of identify {unknown}
 i - a scroll of noise {unknown}
Potions
 b - a potion of magic
 d - a potion of degeneration {unknown}
 e - 2 potions of experience {unknown}
 f - a potion of curing {unknown}


   Skills:
 - Level 2.1 Dodging
 - Level 2.0 Stealth
 - Level 2.0 Spellcasting
 - Level 0.7 Transmutations
 + Level 1.8 Air Magic
 - Level 4.0 Poison Magic


You had one spell level left.
You knew the following spells:

 Your Spells              Type           Power      Damage    Failure   Level
a - Sting                 Tmut/Pois      36%        1d4       8%          1
b - Poisonous Vapours     Pois/Air       22%        N/A       9%          2
c - Cigotuvi's Dreadful   Necr/Pois/Air  16%        N/A       13%         2

Your spell library contained the following spells:

 Spells                   Type           Power      Damage    Failure   Level
 Mephitic Cloud           Conj/Pois/Air  8%         N/A       26%         3
 Olgreb's Toxic Radiance  Pois           15%        N/A       36%         4
 Dispel Undead            Necr           1%         3d6       88%         4
 Death Channel            Necr           0%         N/A       100%        6
 Borgnjor's Revivificati  Necr           0%         N/A       100%        8
 Necromutation            Tmut/Necr      1%         N/A       100%        8
 Death's Door             Necr           0%         N/A       100%        9


Dungeon Overview and Level Annotations

Branches:
Dungeon (2/15)

Altars:


Innate Abilities, Weirdness & Mutations

You have a beak for a mouth.
You have claws for feet.


Message History

The sting hits the worm but does no damage.
The worm is poisoned.
Aiming: Sting (safe; 8% risk of failure)
Press: ? - help, Q - select action, (/) - cycle Shift-Dir - straight line, f/p - worm
Aim: a worm (lightly wounded, poisoned, 89% to hit)
The sting hits the worm.
The worm looks even sicker.
The worm is lightly wounded.
Aiming: Sting (safe; 8% risk of failure)
Press: ? - help, Q - select action, (/) - cycle Shift-Dir - straight line, f/p - worm
Aim: a worm (lightly wounded, very poisoned, 89% to hit)
The sting hits the worm.
The worm looks even sicker.
The worm is lightly wounded.
You sock the worm!
The worm is severely wounded.
The worm bites you!
Ouch! That really hurt!
You thump the worm!
You kill the worm!
Your life force feels restored.
There is an open door here.
Found a book of Decay and a glowing emerald potion.
You now have 86 gold pieces (gained 14).
h - a scroll labelled FELIRE ACWE
Found an amethyst potion.
A rat comes into view.
Found a dagger.
You see here a book of Decay.
You pick up a book of Decay and begin reading...
You add the spells Dispel Undead and Death Channel to your library.
Aiming: Sting (safe; 8% risk of failure)
Press: ? - help, Q - select action, (/) - cycle Shift-Dir - straight line, f - rat
Aim: a rat (68% to hit)
The sting hits the rat but does no damage.
The rat is poisoned.
The rat closely misses you. The rat attacks as you move away!
The rat bites you but does no damage.
You see here a scroll labelled TYMUIW QIJAIQU.
i - a scroll labelled TYMUIW QIJAIQU You kill the rat!
Are you sure you want to abandon this character and quit the game? (Confirm with "yes".)

'## #.# .# ..## #.# )#
...## ####.#######.####
....## ##........#......##
.....####>..#..##.#.......#
.....'.....................
.....####......##.#!..#.!.#
....## ##[....##.#....# #
...## ##.....@.#..#.# ..##
##.######...... '## #.#
#.##.#.# .# #.# #.. ...# .#
#.# ### ### .## #.# ..##
#.# ...# ##### #.# ..##
#...# #.#


There were no monsters in sight!

Vanquished Creatures
  A worm (D:2)
  2 endoplasms (D:1)
  6 goblins
  A hobgoblin (D:2)
  2 jackals (D:1)
  2 quokkas
  2 ball pythons
  5 bats
  3 frilled lizards (D:1)
  5 kobolds (D:1)
  2 rats
31 creatures vanquished.

Notes
Turn   | Place    | Note
-------+----------+-------------------------------------------
     0 | D:1      | elagabalus the Tengu Venom Mage began the quest for the
                  | Orb.
     0 | D:1      | Reached XP level 1. HP: 10/10 MP: 4/4
   119 | D:1      | Reached XP level 2. HP: 15/15 MP: 0/6
   125 | D:1      | Learned a level 2 spell: Poisonous Vapours
   572 | D:1      | Reached skill level 4 in Poison Magic
   572 | D:1      | Found a faded altar of an unknown god.
   604 | D:1      | Learned a level 2 spell: Cigotuvi's Dreadful Rot
   692 | D:1      | Reached XP level 3. HP: 17/17 MP: 2/7
   765 | D:1      | Reached skill level 1 in Air Magic
  1602 | D:2      | Quit the game

Illustrated notes

Levels and vault maps discovered:
D:1:      ncdulo_halloftheorcs, layout_loops_corners,
          shapermc_ecumenical_altar_venn, dreamdust_princess_bridge
D:2:      layout_loops_corners

Skill      XL: |  1  2  3 |
---------------+----------+-----
Poison Magic   | 4 |  4.0
Air Magic      | 1 |  1.8
Dodging        | |  2.1
Stealth        | |  2.0
Spellcasting   | |  2.0
Transmutations | |  0.7

Action                     || total
---------------------------++-------
  Melee: Club              ||     2
         Peck              ||     2
         Kick              ||     1
         Mace              ||     4
   Cast: Sting             ||    26
         Poisonous Vapours ||    15
         Cigotuvi's Dreadf ||     1
    Use: Scroll            ||     3
 Armour: Robe              ||     8
  Dodge: Dodged            ||    35

Table legend: (Time is in decaauts)
 A = Elapsed time spent in this place.
 B = Non-inter-level travel time spent in this place.
 C = Inter-level travel time spent in this place.
 D = Time resting spent in this place.
 E = Time spent auto-exploring this place.
 F = Levels seen in this place.
 G = Mean time per level.
                   A        B        C        D        E       F      G
               +--------+--------+--------+--------+--------+-----+--------+
         Total |   1606 |    414 |   1192 |      0 |      0 |   2 |  803.0 |
       Dungeon |   1606 |    414 |   1192 |      0 |      0 |   2 |  803.0 |
               +--------+--------+--------+--------+--------+-----+--------+

Top non-repeatable levels by time:
     D:1: 1122 daAuts
     D:2: 483 daAuts
